 Dungeon Crawl Stone Soup version 0.24-a0-537-g2d01d4ab0a (webtiles) character file.

Game seed: 10755808852814885237

8222 Mithandil the Blocker (level 11, -1/100 HPs)
             Began as a Minotaur Fighter on Aug 13, 2019.
             Was a Believer of the Shining One.
             Slain by a death yak (6 damage)
             ... on level 8 of the Dungeon.
             The game lasted 00:50:51 (9623 turns).

Mithandil the Blocker (Minotaur Fighter)            Turns: 9623, Time: 00:50:52

Health: -1/100     AC: 24    Str: 21 (22) XL:     11   Next: 7%
Magic:  10/13      EV:  7    Int:  5      God:    the Shining One [**....]
Gold:   499        SH: 17    Dex: 12      Spells: 13/14 levels left

rFire    . . .     SeeInvis .   a - +0 hand axe (freeze)
rCold    . . .     Gourm    .   c - +0 shield
rNeg     + . .     Faith    .   A - +1 plate armour
rPois    .         Spirit   .   (helmet restricted)
rElec    .         Reflect  .   K - +0 cloak
rCorr    .         Harm     .   x - +0 pair of gloves
MR       +....                  y - +0 pair of boots
Stlth    ..........             C - amulet of magic regeneration
HPRegen  0.26/turn              s - +2 ring of protection
MPRegen  0.38/turn              e - ring of protection from magic

@: divine shield, glowing
A: retaliatory headbutt, horns 2, thin metallic scales 1, yellow scales 1,
deterioration 1, robust 1
a: Divine Shield, Renounce Religion


You were on level 8 of the Dungeon.
You worshipped the Shining One.
The Shining One was pleased with you.
You were very hungry.

You visited 2 branches of the dungeon, and saw 11 of its levels.

You collected 499 gold pieces.

Inventory:

Hand Weapons
 a - a +0 hand axe of freezing (weapon)
 b - a +2 hunting sling of velocity
 d - a +0 hand crossbow
 o - a +0 whip of venom
 p - a +0 trident
 F - a +2 dagger of venom
 G - a +2 whip of freezing
 J - a +1 dagger of electrocution
 R - a +1 flail of crushing
Missiles
 h - 6 throwing nets
 i - 2 atropa-tipped darts
 j - 184 stones
 l - 5 javelins (quivered)
 r - 82 sling bullets
 t - 33 poisoned darts
 u - 23 bolts
 L - 2 boomerangs
Armour
 c - a +0 shield (worn)
 x - a +0 pair of gloves (worn)
 y - a +0 pair of boots (worn)
 A - a +1 plate armour (worn)
 K - a +0 cloak (worn)
 O - a +0 hat
Jewellery
 e - a ring of protection from magic (right hand)
 m - an uncursed ring of flight
 s - a +2 ring of protection (left hand)
 v - an uncursed ring of positive energy
 C - an amulet of magic regeneration (around neck)
 D - an uncursed ring of positive energy
Wands
 E - a wand of flame (15)
 I - a wand of polymorph (7)
Scrolls
 k - 4 scrolls of fog
 q - 2 scrolls of amnesia
 w - 3 scrolls of identify
 B - a scroll of fear
 H - a scroll of teleportation
 M - a scroll of magic mapping
Potions
 g - a potion of brilliance
 n - a potion of curing
 N - a potion of ambrosia {unknown}
 Q - a potion of heal wounds
Comestibles
 f - 21 rations


   Skills:
 + Level 6.8 Fighting
 * Level 7.5(9.4) Axes
 * Level 7.9(9.2) Maces & Flails
 - Level 3.3(5.8) Polearms
 * Level 7.1(7.9) Slings
 - Level 4.5(6.2) Throwing
 + Level 7.0 Armour
 + Level 4.9 Dodging
 * Level 9.1 Shields
 - Level 1.0 Unarmed Combat
 - Level 2.0 Spellcasting
 + Level 2.0 Conjurations


You had 13 spell levels left.
You knew the following spells:

 Your Spells              Type           Power        Failure   Level  Hunger
a - Magic Dart            Conj           #...         100%        1    ##.....

Your spell library contained the following spells:

 Spells                   Type           Power        Failure   Level  Hunger
 Searing Ray              Conj           #.....       100%        2    ###....
 Dazzling Spray           Conj/Hex       #.....       100%        3    ####...
 Force Lance              Conj/Tloc      #.......     100%        4    #####..
 Fulminant Prism          Conj/Hex       #.........   100%        4    #####..
 Iskenderun's Mystic Bla  Conj           #.......     100%        4    #####..
 Bolt of Magma            Conj/Fire/Erth #.........   100%        5    ######.
 Iskenderun's Battlesphe  Conj/Chrm      #.......     100%        5    ######.
 Venom Bolt               Conj/Pois      #.........   100%        5    ######.
 Iron Shot                Conj/Erth      #.........   100%        6    #######
 Orb of Destruction       Conj           #.........   100%        7    #######
 Spellforged Servitor     Conj/Summ      #.........   100%        7    #######


Dungeon Overview and Level Annotations

Branches:
Dungeon (10/15)            Temple (1/1) D:6
   Lair: D:8-11         Orc: D:9-12

Altars:
Ashenzari
Cheibriados
Dithmenos
Elyvilon
Fedhas
Gozag
Hepliaklqana
Kikubaaqudgha
Makhleb
Nemelex Xobeh
Okawaru
Qazlal
Ru
Sif Muna
Trog
Uskayaw
Vehumet
Wu Jian
Xom
Yredelemnul
Zin
The Shining One

Shops:
D:7 [

Annotations:
D:6 2 transporters, PeterQ's ghost, novice GnAs


Innate Abilities, Weirdness & Mutations

You reflexively headbutt those who attack you in melee.
You have a pair of horns on your head.
You are partially covered in thin metallic scales. (AC +2)
You are partially covered in yellow scales. (AC +2)
Your body sometimes deteriorates upon taking damage.
You are robust. (+10% HP)


Message History

You slash the death yak! You freeze the death yak. You headbutt the death yak.
The death yak is severely wounded.
You hit the death yak but do no damage. x2
You slash the death yak! You freeze the death yak.
The death yak is almost dead.
You hit the death yak. You freeze the death yak.
You hit the death yak but do no damage. The death yak completely misses you.
You furiously retaliate!
You headbutt the death yak. The death yak gores you!
* * * LOW HITPOINT WARNING * * *
The death yak gores you but does no damage.
Your shield is strengthened by the Shining One's divine power.
You are feeling very hungry.
You block the death yak's attack. The death yak barely misses you.
The death yak gores you!
* * * LOW HITPOINT WARNING * * *
Unknown command.
You hit the death yak but do no damage.
The death yak is almost dead.
You hit the death yak but do no damage. x2; The death yak gores you.
You die...

#.###..# ##'## #.# #.##...#
##...## #.# #.#..#.# ##...?.##
####.# #.#....## ##.......##
##.##.#
#.#.#...####=........####<..#.#
...........'.........'........#
###.#.>.####.........####...#.###
#.##.## ##....Y..## #........
#.#### ##..@..## #.###.##. #.##
##Y.Y## #.# #.##. #..# ##'##
###<###.##. ##.# #.# #.......##)
####.###########.# #.#........
#.......#........## #.#########
#.##.##.#.#####.<.## #.#
#.##.<......##.....# #.#
#.##......#.###...## #.#


You could see 3 death yaks.

Vanquished Creatures
  Harold (D:7)
  A death yak (D:8)
  3 two-headed ogres
  Pikel (D:8)
  Joseph (D:7)
  A hornet (D:10)
  2 hippogriffs (D:7)
  3 yaks
  A hungry ghost (D:8)
  An acid dragon (D:8)
  4 ice beasts
  An orc warrior (D:7)
  A sky beast (D:5)
  3 phantoms
  4 ogres
  2 centaurs (D:8)
  2 bullfrogs
  2 scorpions
  4 howler monkeys
  A crimson imp (D:7)
  A bullfrog zombie (D:9)
  2 bullfrog skeletons
  A jelly (D:7)
  7 orc priests
  2 centaur skeletons
  5 hounds
  7 orc wizards
  2 iguanas (D:4)
  9 worker ants
  4 worker ant zombies
  3 gnolls (D:3)
  8 adders
  2 shadow imps
  4 oozes
  An adder skeleton (D:9)
  2 worms
  3 dart slugs
  5 leopard geckos
  31 orcs
  2 bats
  7 giant cockroaches
  12 hobgoblins
  17 jackals
  A quokka (D:8)
  A frilled lizard (D:1)
  5 goblins
  A jackal zombie (D:5)
  3 kobolds
  A leopard gecko skeleton (D:4)
  10 rats
198 creatures vanquished.

Vanquished Creatures (others)
  A shadow imp (D:8)
1 creature vanquished.

Grand Total: 199 creatures vanquished

Notes
Turn   | Place    | Note
-------+----------+-------------------------------------------
     0 | D:1      | Mithandil the Minotaur Fighter began the quest for the Orb.
     0 | D:1      | Reached XP level 1. HP: 19/19 MP: 0/0
    49 | D:2      | Reached XP level 2. HP: 27/27 MP: 1/1
   308 | D:1      | Reached skill level 4 in Shields
   308 | D:1      | Reached XP level 3. HP: 32/33 MP: 2/2
   704 | D:1      | Reached skill level 1 in Dodging
   855 | D:1      | Reached skill level 1 in Slings
  1005 | D:3      | Reached XP level 4. HP: 40/40 MP: 3/3
  1072 | D:2      | Found a faded altar of an unknown god.
  1149 | D:3      | Reached skill level 1 in Throwing
  1150 | D:3      | Reached skill level 1 in Maces & Flails
  1297 | D:2      | Reached skill level 1 in Unarmed Combat
  1378 | D:3      | Reached XP level 5. HP: 35/46 MP: 4/4
  1672 | D:3      | Reached skill level 1 in Axes
  2768 | D:5      | Entered Level 5 of the Dungeon
  2795 | D:4      | Reached XP level 6. HP: 52/52 MP: 5/5
  3058 | D:5      | Reached skill level 5 in Shields
  3395 | D:4      | Reached XP level 7. HP: 33/60 MP: 6/6
  3854 | D:4      | Found a blossoming altar of Fedhas.
  4219 | D:7      | Noticed a hippogriff
  4338 | D:5      | Reached XP level 8. HP: 32/67 MP: 6/8
  4367 | D:5      | Reached skill level 1 in Spellcasting
  4697 | D:5      | Reached skill level 5 in Armour
  4740 | D:5      | You fall into a shaft and drop 1 floor!
  4800 | D:5      | Reached skill level 6 in Shields
  4858 | D:5      | Reached skill level 5 in Fighting
  5005 | D:6      | Noticed PeterQ's ghost (novice GnAs)
  5006 | D:6      | Noticed a queen bee
  5041 | D:6      | Noticed a hornet
  5326 | D:6      | Gained mutation: Your body sometimes deteriorates upon
                  | taking damage. [potion of mutation]
  5326 | D:6      | Gained mutation: You are partially covered in thin metallic
                  | scales. (AC +2) [potion of mutation]
  5326 | D:6      | Gained mutation: You are partially covered in yellow
                  | scales. (AC +2) [potion of mutation]
  5326 | D:6      | Gained mutation: You are robust. (+10% HP) [potion of
                  | mutation]
  5367 | D:6      | Found a transporter.
  5407 | D:6      | Found a transporter.
  5493 | D:6      | Found a staircase to the Ecumenical Temple.
  5511 | Temple   | Entered the Ecumenical Temple
  5546 | Temple   | Became a worshipper of the Shining One
  6051 | D:7      | Noticed Harold
  6059 | D:7      | Noticed a hippogriff
  6079 | D:7      | Killed Harold
  6079 | D:7      | Reached skill level 5 in Axes
  6079 | D:7      | Reached skill level 5 in Maces & Flails
  6079 | D:7      | Reached XP level 9. HP: 16/81 MP: 9/9
  6081 | D:7      | Reached skill level 5 in Slings
  6095 | D:6      | Reached skill level 7 in Shields
  6660 | D:7      | Found Hyruodep's Armour Shoppe.
  6672 | D:7      | Learned a level 1 spell: Magic Dart
  6703 | D:7      | Noticed Joseph
  6738 | D:7      | Killed Joseph
  6977 | D:7      | Noticed a two-headed ogre
  6985 | D:7      | Killed a two-headed ogre
  7064 | D:7      | Reached XP level 10. HP: 91/91 MP: 11/11
  7220 | D:8      | Reached skill level 8 in Shields
  7220 | D:8      | Reached skill level 1 in Conjurations
  7240 | D:8      | Got an encrusted buckler
  7247 | D:7      | Identified the +2 buckler "Joeg" {MR+++ Str-3 Int+5 Slay-4}
                  | (You found it on level 8 of the Dungeon)
  7364 | D:9      | Reached * piety under the Shining One
  7918 | D:8      | Noticed Pikel
  7940 | D:8      | Killed Pikel
  8027 | D:8      | Noticed Maurice
  8030 | D:8      | Noticed Maurice
  8030 | D:8      | Maurice changed into Maurice the acid dragon
  8034 | D:8      | Killed Maurice the acid dragon
  8611 | D:9      | Noticed a two-headed ogre
  8627 | D:9      | Killed a two-headed ogre
  8650 | D:10     | Entered Level 10 of the Dungeon
  8650 | D:10     | Noticed a two-headed ogre
  8660 | D:10     | Killed a two-headed ogre
  9186 | D:9      | Reached skill level 9 in Shields
  9210 | D:9      | Noticed a death yak
  9210 | D:9      | Reached ** piety under the Shining One
  9211 | D:9      | Noticed a death yak
  9224 | D:9      | Noticed a death yak
  9231 | D:9      | Noticed a death yak
  9243 | D:9      | Noticed a death yak
  9264 | D:8      | Killed a death yak
  9264 | D:8      | Reached XP level 11. HP: 21/100 MP: 13/13
  9622 | D:8      | HP: 4/100 [death yak (7)]
  9623 | D:8      | Slain by a death yak

Levels and vault maps discovered:
D:1:      minmay_arrival_four_loops, layout_basic
D:2:      layout_rooms, chequers_ecumenical_altar_simple_redux
D:3:      layout_basic, serial_curves, eino_curves_03, eino_curves_01,
          serial_park_tiny_pond
D:4:      layout_gridville, lemuel_coloured_pillars_altar
D:5:      layout_basic, first_ration, hangedman_decor_points, minivault_4
D:6:      layout_loops_ring, minmay_temple_entry_poolview, gammafunk_ghost_hive,
          serial_bayou_pond_d, kennysheep_generic_room_15
D:7:      layout_rooms, serial_shops, nicolae_shop_trees, grunt_ogre_cave,
          uniq_joseph, uniq_harold
D:8:      layout_loops_corners, uniq_maurice, uniq_pikel
D:9:      layout_cave_pools, dpeg_lair_monsters
D:10:     layout_irregular_city, serial_shops, shop,
          hangedman_abyss_or_decor_jellyfish_corner
Temple:   nicolae_temple_the_god_donut

Skill      XL: |  1  2  3  4  5  6  7  8  9 10 |
---------------+-------------------------------+-----
Polearms       | 3 |  3.3
Shields        | 4 5 6 7 9 |  9.1
Dodging        | 1 2 3 4 |  4.9
Slings         | 1 2 3 4 5 7 |  7.1
Armour         | 4 5 6 7 |  7.0
Throwing       | 1 2 3 4 |  4.5
Maces & Flails | 1 2 3 5 6 7 |  7.9
Unarmed Combat | 1 |  1.0
Fighting       | 4 5 6 |  6.8
Axes           | 1 2 3 5 6 7 |  7.5
Spellcasting   | 1 2 |  2.0
Conjurations   | 2 |  2.0

Action                   |  1- 3 |  4- 6 |  7- 9 | 10-12 || total
-------------------------+-------+-------+-------+-------++-------
Melee: Trident           |    79 |     2 |       |       ||    81
       Headbutt          |     9 |    32 |    64 |    68 ||   173
       Whip              |       |    17 |    35 |    34 ||    86
       Hand axe          |       |   174 |   228 |   206 ||   608
 Fire: Hunting sling     |     4 |       |       |       ||     4
Invok: Divine Shield     |       |       |       |     1 ||     1
Evoke: Wand              |       |       |     6 |     3 ||     9
  Use: Scroll            |     2 |     6 |     7 |     4 ||    19
       Potion            |     2 |     2 |     3 |     3 ||    10
  Eat: Chunk             |       |     8 |     8 |     8 ||    24
       Ration            |       |       |     1 |     1 ||     2
Armor: Scale mail        |    31 |     9 |       |       ||    40
       Chain mail        |       |    76 |    86 |       ||   162
       Plate armour      |       |       |    13 |   110 ||   123
Dodge: Dodged            |    25 |    43 |    64 |    52 ||   184
Block: Shield            |    38 |    98 |   129 |   116 ||   381

Table legend:
 A = Non-vault XP
 B = Vault XP
 C = Vault XP percentage of total XP
 D = Non-vault monster count
 E = Vault monster count
 F = Vault count percentage of total count
                 A         B        C        D         E       F
            +---------+---------+-------+---------+---------+-------
      Total |    8468 |    3278 |  27.9 |     191 |       7 |   3.5
            +---------+---------+-------+---------+---------+-------
        D:1 |      71 |       0 |   0.0 |      27 |       0 |   0.0
        D:2 |      58 |       0 |   0.0 |      19 |       0 |   0.0
        D:3 |     224 |       0 |   0.0 |      26 |       0 |   0.0
        D:4 |     347 |       0 |   0.0 |      19 |       0 |   0.0
        D:5 |    1115 |       0 |   0.0 |      22 |       0 |   0.0
        D:6 |     268 |      15 |   5.3 |       5 |       1 |  16.7
        D:7 |    2032 |    1609 |  44.2 |      25 |       3 |  10.7
        D:8 |    1395 |    1654 |  54.2 |      21 |       3 |  12.5
        D:9 |    1590 |       0 |   0.0 |      23 |       0 |   0.0
       D:10 |    1368 |       0 |   0.0 |       4 |       0 |   0.0
            +---------+---------+-------+---------+---------+-------
